 Dungeon Crawl Stone Soup version 0.32-a0-931-g5a2cda0 (webtiles) character file.

Game seed: 11889403358494056149

1735 Decysan the Grappler (level 9, -3/65 HPs)
             Began as a Naga Shapeshifter on Apr 13, 2024.
             Was a Follower of Hepliaklqana.
             Slain by an orc warrior
             ... wielding a +0 war axe
              (5 damage)
             ... in a bailey.
             The game lasted 00:12:23 (6285 turns).

Decysan the Grappler (Naga Shapeshifter)            Turns: 6285, Time: 00:12:23

Health: -3/65      AC:  9    Str: 27    XL:     9   Next: 5%
Magic:  0/9        EV:  9    Int: 10    God:    Hepliaklqana [*.....]
Gold:   380        SH:  0    Dex: 11    Spells: 8/8 levels left

rFire   . .          .
                       - Unarmed
rCold   . . .        (no shield)
rNeg    + . .        u - +1 robe {rN+}
rPois   +            (helmet currently unavailable)
rElec   .            (cloak currently unavailable)
rCorr   .            (gloves currently unavailable)
SInv    +            (no barding)
Will    +....        e - amulet of guardian spirit
Stlth   +++          j - +4 ring of protection
HPRegen 0.30/turn    B - +6 ring of strength
MPRegen 0.11/turn

%: guardian spirit
@: brilliant, beast-form, very slow
A: beast (slay +2), reduced essence, AC +3, large, see invisible, deformed body,
poison resistance, slowness 2, spit poison 1, naga tail 1
a: Spit Poison, Begin Untransformation, Renounce Religion, Recall Ancestor,
Ancestor Identity


You were in a bailey.
You worshipped Hepliaklqana.
Hepliaklqana was aware of your devotion.
You were a hulking beast.
You visited 1 branch of the dungeon, and saw 7 of its levels.
You also visited: Bailey.

You collected 380 gold pieces.

Inventory:

Missiles
 y - 2 throwing nets
Armour
 a - a +0 animal skin
 o - a +0 helmet
 q - a +2 cloak
 u - a +1 robe of positive energy (worn)
Jewellery
 e - an amulet of guardian spirit (around neck)
 j - a +4 ring of protection (left hand)
 B - a +6 ring of strength (right hand)
Talismans
 c - a beast talisman (active)
 d - a flux talisman
 F - a blade talisman
Wands
 p - a wand of acid (18)
 A - a wand of iceblast (3)
 D - a wand of paralysis (4)
Scrolls
 b - a scroll of enchant weapon {unknown}
 m - 13 scrolls of identify {unknown}
 n - a scroll of revelation {unknown}
 r - 4 scrolls of teleportation {unknown}
 w - 5 scrolls of amnesia {unknown}
 x - a scroll of enchant armour {unknown}
 C - a scroll of silence {unknown}
 E - a scroll of blinking {unknown}
Potions
 f - 5 potions of curing
 g - 4 potions of brilliance
 h - 3 potions of mutation {unknown}
 i - a potion of ambrosia {unknown}
 k - 2 potions of might {unknown}
 l - a potion of invisibility {unknown}
 s - 2 potions of attraction {unknown}
 t - a potion of resistance {unknown}
 v - a potion of magic {unknown}
 z - a potion of heal wounds {unknown}


   Skills:
 + Level 1.8 Fighting
 + Level 3.6 Dodging
 + Level 4.6 Stealth
 * Level 9.7 Unarmed Combat
 + Level 4.4 Shapeshifting


You had 8 spell levels left.
You didn't know any spells.
Your spell library contained the following spells:

 Spells                   Type           Power      Damage    Failure   Level
 Hailstorm                Conj/Ice       0%         3d5       75%         3
 Summon Ice Beast         Ice/Summ       0%         N/A       75%         3
 Tukima's Dance           Hex            0%         N/A       75%         3
 Passage of Golubria      Tloc           0%         N/A       98%         4
 Yara's Violent Unravell  Hex/Alch       0%         3d3       100%        5
 Permafrost Eruption      Ice/Erth       0%         2x4d1     100%        6
 Sculpt Simulacrum        Ice/Alch       0%         N/A       100%        6


Dungeon Overview and Level Annotations

Branches:
Dungeon (7/15)             Bailey (1/1)
 Temple: D:4-7

Altars:
Cheibriados
Elyvilon
Fedhas
Hepliaklqana
Uskayaw
Wu Jian
Xom
Yredelemnul

Shops:
D:4 (   D:5 *

Annotations:
D:7 1 runed translucent door, aor's ghost, novice OpSh


Innate Abilities, Weirdness & Mutations

You are a hulking beast.
Your limbs bulge with bestial killing power. (Slay +2)
Your life essence is reduced to manifest your ancestor. (-10% HP)
Your serpentine skin is tough. (AC +3)
You have supernaturally acute eyesight. (SInv)
Armour fits poorly on your strangely shaped body.
Your system is resistant to poisons. (rPois)
You cover ground very slowly.
You can spit poison.
You have a snake-like lower body.


Message History

An orc warrior comes into view. It is wielding a +0 war axe.
Feel My Nuts hits the orc warrior but does no damage.
You punch the orc warrior!
The orc warrior is moderately wounded.
The orc warrior closely misses you.
The orc warrior hits Feel My Nuts with a +0 war axe.
Feel My Nuts hits the orc warrior but does no damage.
You hit the orc warrior.
The orc warrior is severely wounded.
The orc warrior hits you with a +0 war axe!
The orc warrior hits Feel My Nuts with a +0 war axe!
Feel My Nuts is destroyed!
You barely miss the orc warrior.
The orc warrior is severely wounded.
The orc warrior hits you with a +0 war axe.
* * * LOW HITPOINT WARNING * * *
You punch the orc warrior!
You kill the orc warrior!
You have reached level 9!
Your experience leads to an increase in your attributes!
Your base attributes are Str 19, Int 10, Dex 11.
Increase (S)trength, (I)ntelligence, or (D)exterity?
You feel stronger. x2; Your skin feels tougher.
Things that are here:
a +0 hand axe; a +0 leather armour You barely miss the orc warrior.
You barely miss the orc warrior.
The orc warrior hits you with a +0 war axe!
* * * LOW HITPOINT WARNING * * *
You hit the orc warrior but do no damage.
The orc warrior hits you with a +0 war axe!
* * * LOW HITPOINT WARNING * * *
It was a potion of curing.
You feel better.
The orc warrior hits you with a +0 war axe!
* * * LOW HITPOINT WARNING * * *
It was a potion of brilliance.
You feel clever all of a sudden.
The orc warrior hits you with a +0 war axe.
You die...
Hepliaklqana delivers you to your ancestors.

#..# #.. #.)# #.. ##)#
#'## #..# #..# #.ß#
#ß)# #..# #).# #)ß####
####ß)#
#.....#######...o.#
#.ß...#.....#..hß.#
#.....#.....#.....#
####..#..⌠..#..####
#..'.....'..#
#..'..)))'..#
#####')'#####
#...........#
#####~~~~...~~~~######
≈≈≈≈≈≈≈≈≈...≈≈≈≈≈≈≈≈≈≈


You could see an orc warrior.

Vanquished Creatures
  3 orc warriors (Bailey)
  A black bear (D:6)
  An ogre (D:6)
  2 phantoms
  A gnoll sergeant (D:5)
  2 scorpions
  2 bombardier beetles (D:5)
  2 howler monkeys (D:7)
  2 hounds
  2 jellies
  2 orc priests
  3 sleepcaps
  4 iguanas
  2 orc wizards
  10 gnolls
  4 adders
  4 ufetubi (D:7)
  4 dart slugs
  3 ribbon worms
  21 orcs
  9 endoplasms
  A giant cockroach (D:2)
  14 goblins
  16 hobgoblins
  9 jackals
  3 quokkas
  9 ball pythons
  3 bats
  5 frilled lizards
  13 kobolds
  2 rats
159 creatures vanquished.

Vanquished Creatures (collateral kills)
  A wight (D:7)
  A howler monkey (D:7)
  2 hobgoblins (Bailey)
  3 goblins (Bailey)
7 creatures vanquished.

Vanquished Creatures (others)
  4 ancestors
4 creatures vanquished.

Grand Total: 170 creatures vanquished

Notes
Turn   | Place    | Note
-------+----------+-------------------------------------------
     0 | D:1      | Decysan the Naga Shapeshifter began the quest for the Orb.
     0 | D:1      | Reached XP level 1. HP: 18/18 MP: 1/1
    36 | D:1      | Reached XP level 2. HP: 20/25 MP: 0/2
   212 | D:1      | Reached XP level 3. HP: 31/31 MP: 3/3
   934 | D:2      | You fall into a shaft and drop 1 floor!
  1013 | D:3      | Reached skill level 4 in Unarmed Combat
  1050 | D:3      | Reached XP level 4. HP: 38/38 MP: 4/4
  1341 | D:3      | Identified the +9 mace of Xara {pain, MP-9 Int+4 SInv}
  1681 | D:4      | Noticed a phantom
  1688 | D:4      | Killed a phantom
  1689 | D:4      | Reached XP level 5. HP: 34/44 MP: 3/5
  1827 | D:4      | Reached skill level 5 in Unarmed Combat
  1960 | D:4      | Reached XP level 6. HP: 8/51 MP: 1/6
  2283 | D:2      | Found a faded altar of an unknown god.
  2806 | D:2      | Reached skill level 6 in Unarmed Combat
  3409 | D:4      | Found Ecwoh's Weapon Shoppe.
  3513 | D:5      | Entered Level 5 of the Dungeon
  3528 | D:5      | Found a blossoming altar of Fedhas.
  3543 | D:5      | Reached skill level 1 in Stealth
  3691 | D:5      | Reached XP level 7. HP: 25/57 MP: 2/7
  3986 | D:5      | Found Manytyx's Fire Supplies.
  3993 | D:5      | Reached skill level 7 in Unarmed Combat
  4100 | D:5      | Found an ornate altar of the Wu Jian Council.
  4380 | D:5      | Found a white marble altar of Elyvilon.
  4380 | D:5      | Found a hazy altar of Hepliaklqana.
  4388 | D:5      | Found a hide-covered altar of Uskayaw.
  4390 | D:5      | Found a basalt altar of Yredelemnul.
  4392 | D:5      | Found a shimmering altar of Xom.
  4443 | D:5      | Became a worshipper of Hepliaklqana the Forgotten
  4855 | D:6      | Reached XP level 8. HP: 25/64 MP: 2/8
  5014 | D:6      | Reached skill level 8 in Unarmed Combat
  5358 | D:6      | Identified the +0 leather armour "Hyrathry" {rF- rCorr
                  | Str+3}
  5445 | D:6      | Found a snail-covered altar of Cheibriados.
  5741 | D:7      | Noticed aor's ghost (novice OpSh)
  5741 | D:7      | Found a runed translucent door.
  5802 | D:7      | Reached * piety under Hepliaklqana
  5870 | D:7      | Reached skill level 9 in Unarmed Combat
  5914 | D:7      | Found a flagged portal.
  5925 | Bailey   | Entered a bailey
  6216 | Bailey   | Noticed an orc sorcerer
  6278 | Bailey   | Reached XP level 9. HP: 17/65 MP: 2/9
  6283 | Bailey   | HP: 2/65 [orc warrior/+0 war axe (9)]
  6285 | Bailey   | Slain by an orc warrior

Illustrated notes

Levels and vault maps discovered:
D:1:      reono_arrival_forest_river, layout_basic
D:2:      layout_basic, ebering_ecumenical_altar_sacrificial
D:3:      layout_loops_cross, minmay_pentomino_pile
D:4:      corexii_shantytown, layout_rooms, serial_shops, kennysheep_little_box
D:5:      layout_loops_ring, fedhas_altar_3,
          chequers_temple_overflow_minitemple, pdpol_wu_jian_five_deadly_venoms,
          nicolae_shop_fire_sale [nicolae_sub_dead_trees]
D:6:      layout_loops_cross, general_overflow_altar, minmay_pentangle
D:7:      layout_basic, old_standard_altar, temple_green, enter_bailey_2,
          hellmonk_ghost_happy_afterlife, patterned_corridor
Bailey:   bailey_axe_of_yendor_kennysheep, bailey

Skill      XL: |  1  2  3  4  5  6  7  8 |
---------------+-------------------------+-----
Unarmed Combat | 4 5 6 7 9 |  9.7
Dodging        | 2 3 |  3.6
Stealth        | 1 2 4 |  4.6
Shapeshifting  | 4 |  4.4
Fighting       | |  1.8

Action                     |  1- 3 |  4- 6 |  7- 9 || total
---------------------------+-------+-------+-------++-------
  Melee: Unarmed           |    90 |   207 |   168 ||   465
         Punch             |     3 |    10 |     9 ||    22
 Invoke: Ancestor Identity |       |       |     1 ||     1
    Use: Potion            |       |     1 |     3 ||     4
   Stab: Sleeping          |       |     4 |     5 ||     9
         Distracted        |       |       |     1 ||     1
 Armour: Animal skin       |    46 |    52 |       ||    98
         Robe              |       |    74 |   129 ||   203
         Skin              |       |     6 |     7 ||    13
  Dodge: Dodged            |    43 |    97 |    82 ||   222

Table legend: (Time is in decaauts)
 A = Elapsed time spent in this place.
 B = Non-inter-level travel time spent in this place.
 C = Inter-level travel time spent in this place.
 D = Time resting spent in this place.
 E = Time spent auto-exploring this place.
 F = Levels seen in this place.
 G = Mean time per level.
                   A        B        C        D        E       F      G
               +--------+--------+--------+--------+--------+-----+--------+
         Total |   7856 |   7502 |    354 |    210 |   6123 |   8 |  982.0 |
       Dungeon |   7465 |   7111 |    354 |    148 |   5936 |   7 | 1066.4 |
        Bailey |    391 |    391 |      0 |     62 |    187 |   1 |  391.0 |
               +--------+--------+--------+--------+--------+-----+--------+

Top non-repeatable levels by time:
     D:6: 1401 daAuts
     D:5: 1373 daAuts
     D:3: 1165 daAuts
     D:2: 1152 daAuts
     D:1: 1077 daAuts
     D:4: 1062 daAuts
  Bailey: 391 daAuts
     D:7: 231 daAuts
